Map: Data-C

Players

Kelsier - Winner!

  • Race: Protoss Protoss
  • League: Master
  • Spawn Location: 9:00

IIIIIIIII

  • Race: Terran Terran
  • League: Master
  • Spawn Location: 3:00

VOD

Have the link to the VOD?

Description

Time

  • Played on: Sept. 15, 2022, 1:19 a.m.
  • Length: 31:12
Show
View Real Time Build Order
Export as new Build Order

Kelsier Protoss - Winner!

Build Orders: 1 Gate Expand 

Get SALT Encoding   

  12  0:00  Probe  
  13  0:12  Probe  
  14  0:18  Pylon  
  14  0:24  Probe  
  15  0:37  Probe (Chrono Boost)  
  15  0:38  Gateway  
  16  0:46  Probe (Chrono Boost)  
  16  0:48  Assimilator  
  17  0:51  Probe (Chrono Boost)  
  18  1:03  Probe  
  19  1:15  Probe  
  20  1:28  Cybernetics Core  
  20  1:37  Nexus  
  20  1:44  Pylon  
  20  1:45  Probe  
  21  1:52  Assimilator  
  21  1:59  Probe (Chrono Boost)  
  22  2:06  Adept  
  22  2:08  Warp Gate  
  24  2:09  Probe (Chrono Boost)  
  24  2:17  Probe  
  24  2:21  Robotics Facility  
  25  2:29  Probe  
  26  2:36  Stalker  
  28  2:41  Probe  
  29  2:50  Probe  
  30  2:53  Probe  
  30  2:55  Gateway  
  31  3:02  Probe  
  32  3:05  Probe  
  32  3:17  Probe  
  30  3:31  Probe x2 (Chrono Boost)  
  31  3:38  Observer  
  31  3:40  Probe x2 (Chrono Boost)  
  34  3:43  Shield Battery  
  34  3:45  Probe (Chrono Boost)  
  35  3:55  Probe (Chrono Boost)  
  35  3:57  Twilight Council  
  35  3:58  Probe (Chrono Boost)  
  36  4:06  Observer  
  36  4:08  Stalker  
  36  4:09  Stalker, Probe (Chrono Boost)  
  42  4:10  Probe (Chrono Boost)  
  42  4:14  Pylon  
  42  4:17  Probe  
  44  4:20  Probe  
  45  4:28  Blink (Chrono Boost)  
  45  4:29  Probe  
  46  4:32  Probe  
  46  4:33  Observer  
  46  4:38  Pylon  
  48  4:41  Probe  
  48  4:45  Probe  
  50  4:47  Shield Battery  
  50  4:53  Probe  
  50  4:59  Probe  
  51  5:00  Nexus  
  51  5:15  Stalker x2  
  51  5:17  Probe  
  51  5:19  Robotics Bay  
  56  5:25  Probe  
  57  5:29  Probe  
  57  5:32  Assimilator x2  
  57  5:34  Forge  
  58  5:38  Probe  
  58  5:41  Probe  
  60  5:50  Probe  
  60  5:53  Probe  
  62  6:00  Protoss Ground Weapons Level 1 (Chrono Boost)  
  62  6:09  Pylon  
  62  6:11  Probe x2  
  62  6:12  Probe, Observer  
  62  6:13  Pylon  
  62  6:17  Extended Thermal Lance, Pylon  
  66  6:24  Probe x2  
  68  6:27  Probe  
  68  6:29  Colossus (Chrono Boost)  
  68  6:31  Forge  
  68  6:32  Gateway  
  69  6:34  Gateway  
  69  6:36  Charge, Probe x2  
  77  6:44  Probe  
  78  6:48  Probe  
  79  6:56  Protoss Ground Armor Level 1 (Chrono Boost)  
  79  6:57  Robotics Facility, Probe  
  80  7:05  Gateway  
  80  7:06  Gateway  
  80  7:08  Gateway, Probe  
  80  7:09  Probe  
  80  7:11  Pylon  
  80  7:12  Assimilator  
  80  7:14  Assimilator  
  80  7:15  Sentry x2  
  84  7:16  Shield Battery  
  84  7:17  Probe  
  84  7:19  Shield Battery  
  84  7:20  Probe  
  84  7:22  Colossus  
  94  7:26  Probe  
  94  7:29  Probe  
  96  7:33  Probe  
  97  7:38  Probe  
  97  7:42  Robotics Facility  
  97  7:43  Pylon  
  98  7:45  Disruptor  
  98  7:47  Probe  
  98  7:51  Stalker x3  
  106  7:54  Probe  
  108  8:09  Protoss Ground Weapons Level 2 (Chrono Boost)  
  108  8:16  Probe x2  
  110  8:20  Gateway  
  110  8:21  Stalker x3, Pylon  
  110  8:22  Gateway  
  110  8:23  Pylon  
  110  8:24  Gateway  
  110  8:26  Pylon  
  116  8:36  Disruptor (Chrono Boost)  
  123  8:42  Pylon  
  123  8:46  Disruptor x2 (Chrono Boost)  
  123  8:50  Stalker x4  
  121  9:06  Protoss Ground Armor Level 2 (Chrono Boost)  
  112  9:31  Probe x2  
  114  9:36  Gateway, Disruptor, Probe  
  114  9:37  Disruptor x2, Nexus  
  123  9:39  Pylon  
  123  9:43  Assimilator, Probe  
  123  9:44  Gateway x2  
  124  9:47  Assimilator  
  124  9:50  Photon Cannon  
  124  9:55  Photon Cannon  
  124  9:56  Zealot x2  
  124  9:58  Shield Battery  
  128  10:00  Zealot x2  
  132  10:12  Colossus, Disruptor x2  
  131  10:43  Observer  
  131  10:48  Disruptor (Chrono Boost)  
  135  10:50  Stalker x3  
  135  10:54  Disruptor (Chrono Boost)  
  141  10:58  Pylon  
  141  11:00  Pylon  
  141  11:01  Protoss Ground Weapons Level 3 (Chrono Boost)  
  141  11:02  Pylon  
  141  11:06  Nexus  
  141  11:10  Pylon  
  140  11:18  Assimilator, Observer (Chrono Boost)  
  140  11:26  Stalker x5  
  140  11:27  Stalker x7  
  164  11:40  Probe x2  
  164  11:43  Disruptor, Probe  
  173  12:03  Probe  
  164  12:19  Stalker  
  164  12:20  Stalker x2  
  151  12:35  Probe x3  
  154  12:40  Pylon  
  154  12:41  Stalker, Forge  
  154  12:42  Stalker x4, Pylon  
  164  12:44  Pylon  
  164  12:47  Pylon  
  164  12:49  Pylon  
  164  12:52  Photon Cannon  
  164  12:54  Photon Cannon  
  164  12:56  Photon Cannon  
  164  12:57  Photon Cannon  
  167  12:58  Probe x3  
  167  12:59  Photon Cannon  
  167  13:01  Shield Battery  
  167  13:03  Shield Battery  
  160  13:08  Stalker x2  
  164  13:19  Protoss Ground Armor Level 3 (Chrono Boost)  
  164  13:22  Probe  
  165  13:27  Nexus  
  165  13:28  Pylon  
  165  13:32  Assimilator  
  165  13:34  Protoss Shields Level 1 (Chrono Boost)  
  165  13:36  Assimilator  
  165  13:41  Robotics Facility  
  165  13:43  Robotics Facility  
  165  13:46  Pylon  
  165  13:47  Pylon  
  165  13:51  Stalker x3  
  165  13:52  Stalker x2  
  153  14:39  Stalker x7  
  153  14:44  Stalker x2  
  132  15:06  Stalker x7  
  130  15:07  Stalker  
  110  15:27  Stalker  
  107  15:43  Nexus  
  107  15:44  Protoss Shields Level 2 (Chrono Boost)  
  107  15:46  Pylon  
  107  15:47  Robotics Bay  
  107  15:52  Gateway  
  107  15:54  Gateway  
  107  15:57  Gateway  
  107  16:08  Stalker  
  107  16:09  Stalker  
  111  16:15  Assimilator  
  111  16:19  Shield Battery  
  111  16:21  Photon Cannon  
  111  16:22  Photon Cannon  
  111  16:35  Disruptor x2 (Chrono Boost)  
  111  16:36  Disruptor (Chrono Boost)  
  120  16:53  Stalker  
  122  16:54  Stalker x8  
  135  17:08  Dark Shrine  
  135  17:15  Assimilator  
  135  17:18  Disruptor x3  
  142  17:45  Shield Battery  
  142  17:52  Stalker x2  
  142  17:53  Stalker x8  
  161  18:04  Disruptor x3  
  166  18:40  Zealot x5  
  176  18:47  Colossus x3 (Chrono Boost)  
  188  19:02  Zealot x6  
  196  19:11  Protoss Shields Level 3 (Chrono Boost)  
  171  19:38  Stalker x6  
  167  19:39  Stalker  
  173  19:56  Stalker  
  173  19:57  Stalker x4  
  157  20:22  Zealot x8  
  169  20:37  Probe x3  
  169  20:39  Probe  
  169  20:52  Shadow Stride  
  169  20:54  Dark Templar x5  
  167  21:04  Disruptor x2 (Chrono Boost)  
  173  21:20  Disruptor (Chrono Boost)  
  156  22:16  Stalker x8  
  156  22:19  Disruptor x3  
  173  22:43  Dark Templar x11  
  178  23:18  Disruptor (Chrono Boost)  
  178  23:19  Disruptor x2 (Chrono Boost)  
  177  23:42  Stalker  
  177  23:43  Stalker x10  
  197  23:57  Observer x2 (Chrono Boost)  
  197  24:00  Disruptor (Chrono Boost)  
  198  24:13  Dark Templar  
  200  24:22  Nexus  
  200  24:23  Pylon  
  196  24:25  Assimilator  
  196  24:30  Assimilator  
  180  24:43  Stalker x4  
  170  25:08  Dark Shrine  
  170  25:13  Robotics Bay  
  165  25:27  Photon Cannon  
  165  25:28  Photon Cannon  
  165  25:29  Shield Battery  
  165  25:43  Stalker  
  165  25:44  Stalker x2  
  171  26:19  Disruptor x3  
  176  26:46  Stalker x10  
  193  27:09  Nexus  
  193  27:12  Photon Cannon  
  193  27:19  Shield Battery  
  193  27:20  Photon Cannon  
  181  27:32  Dark Templar  
  181  27:33  Zealot x6  
  148  28:27  Stalker x7  
  151  28:58  Stalker  
  151  28:59  Stalker x5  
  141  29:41  Stalker x7  
  143  30:01  Stalker x2  
  143  30:06  Nexus  
  147  30:29  Dark Templar  
  144  30:39  Dark Templar  
Show
View Real Time Build Order
Export as new Build Order

IIIIIIIII Terran 

Build Orders:  

Get SALT Encoding   

  12  0:00  SCV  
  13  0:13  SCV  
  14  0:17  Supply Depot  
  14  0:25  SCV  
  15  0:39  SCV  
  15  0:41  Barracks  
  16  0:45  Refinery  
  16  0:51  SCV  
  16  0:56  Refinery  
  17  1:03  SCV  
  18  1:15  SCV  
  19  1:27  Reaper  
  19  1:28  Supply Depot, Orbital Command  
  20  1:47  Factory  
  20  1:55  SCV  
  20  2:00  Reaper  
  22  2:07  SCV  
  23  2:19  SCV  
  23  2:21  Command Center  
  24  2:31  SCV  
  24  2:33  Hellion, Barracks Reactor  
  27  2:40  Supply Depot  
  27  2:43  SCV  
  28  2:52  Starport  
  28  2:57  Factory Tech Lab  
  28  2:58  SCV  
  29  3:12  SCV  
  30  3:17  Marine x2  
  30  3:18  Cyclone  
  33  3:24  SCV  
  34  3:31  Starport Tech Lab  
  34  3:36  SCV, Orbital Command  
  34  3:41  Marine x2  
  37  3:49  SCV  
  38  3:56  Siege Tank  
  38  4:01  SCV x2, Refinery  
  38  4:02  Supply Depot  
  43  4:04  Marine  
  43  4:09  Raven  
  46  4:13  SCV  
  46  4:14  SCV  
  48  4:18  Bunker  
  48  4:25  SCV  
  48  4:29  SCV  
  50  4:37  SCV  
  50  4:38  Command Center  
  51  4:41  SCV  
  51  4:45  Marine x2  
  54  4:49  SCV, Supply Depot  
  55  5:06  Starport Reactor  
  55  5:08  SCV  
  55  5:09  SCV  
  55  5:10  Marine  
  55  5:11  Supply Depot  
  55  5:13  Barracks  
  58  5:16  Barracks  
  58  5:19  Engineering Bay  
  58  5:20  Factory Reactor  
  58  5:21  SCV  
  58  5:22  SCV  
  57  5:33  SCV, Supply Depot  
  58  5:37  SCV  
  58  5:41  Supply Depot  
  58  5:42  Medivac x2  
  61  5:45  Supply Depot  
  61  5:46  SCV  
  61  5:48  Terran Infantry Weapons Level 1, Supply Depot  
  61  5:49  SCV  
  65  5:54  Marine x2  
  67  6:01  SCV  
  67  6:02  SCV  
  67  6:04  Marauder x2  
  73  6:05  Combat Shield, Stimpack  
  73  6:12  Marine x2, Orbital Command  
  73  6:13  Refinery  
  75  6:27  Marauder x2, Factory Reactor  
  80  6:32  SCV  
  80  6:33  SCV, Barracks  
  80  6:34  Barracks  
  81  6:45  Medivac x2  
  81  6:46  Orbital Command  
  85  6:49  SCV, Armory  
  85  6:50  Marauder x2  
  85  6:51  Engineering Bay  
  90  6:56  Marine  
  90  6:57  SCV  
  92  7:06  SCV  
  93  7:09  SCV  
  93  7:12  Marauder x2  
  93  7:14  SCV  
  99  7:16  Marine x2  
  99  7:18  SCV  
  99  7:22  SCV  
  103  7:26  Barracks Tech Lab  
  103  7:27  SCV, Marine x2  
  103  7:29  Medivac x2, Widow Mine x2  
  114  7:30  SCV  
  114  7:33  Marauder x2  
  114  7:34  SCV, Marine  
  121  7:40  Supply Depot  
  121  7:41  SCV, Supply Depot x2  
  121  7:43  SCV, Refinery  
  123  7:50  Missile Turret, Marauder  
  125  7:52  Terran Infantry Armor Level 1  
  125  7:53  Terran Infantry Weapons Level 2  
  125  7:54  Refinery  
  125  8:01  Marine x2  
  125  8:02  Marauder x2  
  131  8:08  SCV  
  131  8:12  Marine x2, Terran Ship Weapons Level 1  
  134  8:13  Marauder  
  134  8:17  Concussive Shells, Command Center  
  136  8:20  Ghost Academy  
  136  8:23  Marine x2, Marauder x2  
  142  8:29  Viking x2  
  148  8:34  Marauder  
  148  8:45  Marauder  
  149  8:58  Marine x2, Marauder x2  
  143  9:06  Marauder  
  145  9:15  Marine x2  
  145  9:16  Widow Mine x2  
  147  9:20  Marauder x2  
  136  9:27  Marauder  
  136  9:29  Viking x2, SCV x2  
  144  9:33  Enhanced Shockwaves  
  144  9:38  Marine x3  
  144  9:39  Marine, Barracks  
  144  9:40  Barracks x2  
  144  9:41  Marauder x2  
  152  9:46  Starport  
  152  9:47  Fusion Core  
  152  9:49  Marauder  
  154  9:56  Marine, Planetary Fortress  
  154  9:59  SCV x2, Missile Turret  
  157  10:02  Marauder  
  159  10:10  Marine, Marauder x2  
  164  10:16  SCV  
  164  10:19  Viking  
  164  10:22  SCV  
  164  10:24  Supply Depot x2  
  164  10:26  Marauder  
  163  10:35  Liberator  
  163  10:36  Viking, Liberator  
  163  10:42  Marine x2, Marauder x2  
  160  10:48  Marine, Marauder  
  160  10:49  Barracks Tech Lab x2  
  158  10:50  Barracks Tech Lab  
  158  10:59  Terran Infantry Armor Level 2  
  158  11:00  Terran Infantry Weapons Level 3, Terran Ship Weapons Level 2  
  158  11:03  Marauder x2  
  162  11:05  Advanced Ballistics  
  162  11:09  Marauder  
  162  11:12  Marine x2, Marauder x2  
  162  11:13  Marauder, Liberator  
  173  11:18  Refinery  
  173  11:20  Refinery  
  173  11:25  Marauder x2  
  175  11:38  Marine, Marauder x2  
  180  12:04  Liberator  
  180  12:05  Marauder  
  180  12:08  Marauder  
  180  12:09  Liberator  
  180  12:11  Marine  
  169  12:17  Marine x3, Marauder x4, Liberator x2  
  180  12:28  Marauder  
  170  12:31  Marine, Marauder  
  170  12:34  SCV, Marine  
  169  12:38  Marauder x3  
  169  12:40  SCV  
  169  12:41  SCV  
  177  12:46  SCV x2, Command Center  
  177  12:47  Marine  
  180  12:56  Personal Cloaking  
  180  13:00  Supply Depot  
  180  13:01  Supply Depot  
  180  13:22  SCV x3, Marine, Medivac x2, Ghost x2  
  180  13:23  SCV, Marine, Marauder  
  196  13:40  Command Center x2  
  196  13:46  Terran Infantry Armor Level 3  
  196  13:48  Neosteel Armor  
  196  13:57  SCV x2, Ghost  
  200  14:07  Marauder  
  200  14:18  SCV, Marauder  
  200  14:19  Marine, Medivac  
  200  14:21  Marine x2, Ghost  
  200  14:22  Medivac, Ghost  
  200  14:23  Ghost  
  199  14:27  Marine, Marauder  
  199  14:28  Viking x2, Marauder  
  195  14:37  Marine  
  176  14:39  Ghost  
  176  14:49  Marine x2, Marauder x2, Medivac  
  176  14:51  Marauder x2  
  176  14:52  Marauder  
  168  15:08  Marauder  
  168  15:10  Marauder  
  168  15:11  Marauder  
  168  15:12  Marine, Marauder  
  168  15:13  Marauder x2  
  178  15:21  Planetary Fortress  
  171  15:22  SCV x2  
  173  15:29  Marine, Marauder  
  173  15:30  Viking, Marine x3  
  173  15:31  Medivac x2  
  173  15:32  Refinery, Marauder x2  
  173  15:34  Marauder x2  
  173  15:35  Marauder  
  195  15:37  Missile Turret  
  195  15:39  Refinery, Liberator  
  195  15:51  Marauder  
  195  15:53  Marauder  
  199  16:00  Marine, Command Center  
  199  16:02  Hi-Sec Auto Tracking  
  199  16:03  Terran Ship Weapons Level 3  
  200  16:09  Command Center  
  200  16:10  Orbital Command x2  
  198  16:56  Marauder  
  192  17:35  Liberator x2  
  196  17:54  Planetary Fortress  
  194  18:05  Liberator x2  
  193  18:10  Marine  
  193  18:11  Marauder  
  199  18:17  Liberator x2  
  199  18:19  Marine, Marauder x3  
  169  18:39  SCV  
  169  18:41  Refinery x2  
  169  18:48  Liberator x2  
  172  18:50  Planetary Fortress  
  172  18:51  SCV  
  174  19:00  Liberator  
  174  19:01  Marine x2, Marauder  
  174  19:02  Marine, Marauder x5  
  184  19:14  Marine, Liberator  
  188  19:19  Marine x2  
  188  19:23  Marauder x5  
  200  19:31  Liberator  
  178  19:43  Marine  
  178  19:44  Marine x3, Marauder x4  
  178  19:45  Marauder  
  184  19:49  Marauder  
  168  19:59  Nuke  
  153  20:01  Marine x2  
  153  20:02  Marine  
  153  20:05  Marauder  
  153  20:06  Marauder x3  
  134  20:19  Marine x2, Marauder  
  134  20:20  Marauder  
  126  20:27  Marauder x3  
  126  20:28  SCV x3  
  120  20:53  Sensor Tower  
  120  20:54  Sensor Tower  
  114  21:05  Marine x3, Marauder x3  
  114  21:06  Marine, Marauder x3, Liberator x2  
  114  21:07  Liberator x2  
  142  21:12  Starport  
  139  21:22  Missile Turret  
  139  21:27  Marauder x3  
  145  21:40  Marine x2, Sensor Tower, Marauder  
  145  21:41  Marauder x2  
  153  21:49  Medivac x3  
  130  21:57  Marine  
  112  22:03  Marine  
  112  22:04  Marauder x2, Medivac  
  112  22:06  Starport Reactor  
  119  22:13  SCV  
  119  22:14  Sensor Tower  
  120  22:19  Medivac x2  
  124  22:25  Barracks Tech Lab, Marauder x2  
  124  22:26  Barracks Tech Lab x4  
  124  22:29  Rapid Reignition System  
  111  22:37  Sensor Tower  
  109  23:00  Marine  
  109  23:01  Marauder x2  
  104  23:09  SCV, Missile Turret  
  104  23:12  Missile Turret  
  105  23:15  Barracks Tech Lab x2  
  105  23:16  Marine, Marauder x3  
  105  23:17  Medivac x3  
  105  23:18  Marine  
  98  23:22  Marauder x2  
  102  23:28  Command Center  
  102  23:34  Marine  
  96  23:36  Marine  
  96  23:38  Marauder x2  
  95  23:42  Marauder x3  
  95  23:43  Marine, Medivac x2  
  95  23:44  Viking, Marauder  
  95  23:46  Viking, Liberator  
  95  23:47  Liberator  
  118  23:51  Marine  
  118  23:54  Marine  
  120  23:59  Marauder x2  
  120  24:01  Marine  
  122  24:04  Marauder x3  
  122  24:05  Marauder  
  122  24:09  Marine, Command Center  
  131  24:12  Marine, Command Center  
  132  24:19  Marauder  
  132  24:20  Marine, Marauder  
  137  24:24  Marine x2  
  137  24:25  Marauder  
  137  24:26  Marine  
  137  24:27  Marine  
  129  24:38  Marauder  
  129  24:44  Marine  
  129  24:45  Marine, Marauder x4  
  134  24:49  Marine  
  132  25:02  Marine x2, Marauder x2  
  132  25:03  Liberator x4  
  132  25:06  Marine x2, Marauder  
  132  25:07  Marine, Marauder  
  131  25:20  Marine  
  131  25:21  Marauder  
  134  25:23  Marine x2  
  134  25:24  Planetary Fortress  
  136  25:33  Orbital Command  
  136  25:54  Marine  
  136  25:55  Marauder x2  
  124  26:19  Marine x2  
  124  26:20  Marauder x4  
  124  26:21  Starport Reactor x2  
  117  26:38  Marine x2, Marauder x2, Liberator x2  
  127  26:41  Marauder x2  
  121  27:03  Orbital Command  
  121  27:11  Command Center  
  116  27:29  Marine x3, Marauder x4  
  126  28:02  Marine, Marauder x4  
  102  28:11  Marine  
  102  28:12  Marauder x2  
  77  28:28  Marine, Marauder  
  77  28:29  Marine, Marauder x3  
  77  28:33  Marine  
  76  28:52  SCV  
  62  29:23  Marine x2, Marauder  
  66  29:31  Medivac x2  
  60  29:38  Marine  
  60  29:40  SCV x2  
  60  29:45  Marauder  
  63  29:47  Marine  
  58  30:06  Marauder  
  60  30:13  Barracks Tech Lab  
  59  30:19  SCV x2  
  61  30:22  Marine x3, Barracks Tech Lab x2  
  61  30:27  Marauder  
  58  30:49  Marauder  
Tags
 
Matchup
PvT
Spawn Locations
Cross Positions
Add a new tag
Caveats
  • Supply blocks, unpowered buildings, or Contaminate may cause inaccurate times.
  • Supply counts are checked every 10 seconds.